 Dungeon Crawl Stone Soup version 0.28-a0-1510-gd0f6b136d3 (webtiles) character file.

Game seed: 13430888371114510079

50 Hasart the Insei (level 3, -6/23 HPs)
             Began as an Octopode Transmuter on Jan 14, 2022.
             Mangled by a gnoll (9 damage)
             ... on level 3 of the Dungeon.
             The game lasted 00:02:58 (2629 turns).

Hasart the Insei (Octopode Transmuter)              Turns: 2629, Time: 00:02:59

Health: -6/23      AC:  1    Str:  9    XL:     3   Next: 79%
Magic:  3/6        EV: 13    Int: 17    God:
Gold:   63         SH:  0    Dex: 12    Spells: 3/6 levels left

rFire   . . .      SeeInvis .     - Unarmed
rCold   . . .      Faith    .   (no shield)
rNeg    . . .      Spirit   .   (helmet currently unavailable)
rPois   .          Reflect  .   (no amulet)
rElec   .          Harm     .   (no ring)
rCorr   .          Rampage  .   (no ring)
Will    .....                   (no ring)
Stlth   ++........              (no ring)
HPRegen 0.07/turn               (no ring)
MPRegen 0.10/turn               (no ring)
                                (no ring)
                                (no ring)

@: appendages, wereblooded
A: tentacle spike 3, almost no armour, amphibious, 8 rings, camouflage 1,
gelatinous body 1, (nimble swimmer 1), tentacles
a: End Transformation


You were on level 3 of the Dungeon.
One of your tentacles had grown a beastly spike.
You visited 1 branch of the dungeon, and saw 3 of its levels.

You collected 63 gold pieces.

Inventory:

Missiles
 d - 4 silver javelins (quivered)
Jewellery
 a - an amulet of guardian spirit
Scrolls
 b - 3 scrolls of identify {unknown}
Potions
 c - a potion of berserk rage {unknown}
 e - 2 potions of mutation {unknown}
 f - a potion of degeneration {unknown}


   Skills:
 + Level 1.4 Fighting
 + Level 0.5 Throwing
 + Level 2.2 Dodging
 * Level 3.6 Unarmed Combat
 + Level 2.3 Spellcasting
 + Level 2.3 Transmutations


You had 3 spell levels left.
You knew the following spells:

 Your Spells              Type           Power      Damage    Failure   Level
a - Beastly Appendage     Tmut           20%        N/A       7%          1
b - Wereblood             Tmut           10%        N/A       11%         2

Your spell library contained the following spells:

 Spells                   Type           Power      Damage    Failure   Level
 Spider Form              Tmut/Pois      6%         N/A       34%         3
 Ice Form                 Ice/Tmut       6%         N/A       75%         4


Dungeon Overview and Level Annotations

Branches:
Dungeon (3/15)

Altars:
Wu Jian

Shops:
D:2 (


Innate Abilities, Weirdness & Mutations

One of your tentacles has grown a beastly spike.
You cannot wear most types of armour.
You are amphibious.
You can wear up to eight rings at the same time.
Your skin changes colour to match your surroundings (Stealth+).
Your rubbery body absorbs attacks. (AC +1, EV +1)
((You are camouflaged when in or above water. (Stealth+)))
You have tentacles for arms and can constrict up to eight enemies at once.


Message History

2 gnolls come into view.
Found a stone staircase leading up.
You see here a ball python corpse.
There are monsters nearby!
A gnoll comes into view.
It is wielding a +1 flail of protection.
The gnoll shouts!
You hear an angry hiss.
A gnoll comes into view. It is wielding a +0 spear.
Casting: Beastly Appendage (safe; 8% risk of failure)
Confirm with . or Enter, or press ? or * to list all spells.
One of your tentacles grows a vicious spike.
The gnoll shouts! x2
Casting: Beastly Appendage (safe; 8% risk of failure)
Confirm with . or Enter, or press ? or * to list all spells.
Your blood is infused with primal strength.
Unknown command.
You closely miss the gnoll. Your grab misses the gnoll.
Your tentacle spike misses the gnoll.
Your squeeze misses the gnoll.
A ball python comes into view.
The gnoll closely misses you.
You tentacle-slap the gnoll. You grab the gnoll. You squeeze the gnoll.
The gnoll is heavily wounded.
You constrict the gnoll. You barely miss the gnoll.
You squeeze the gnoll, but do no damage.
The gnoll is heavily wounded.
You constrict the gnoll. The gnoll hits you with a +0 flail!
You tentacle-slap the gnoll. You squeeze the gnoll.
The gnoll is almost dead.
You constrict the gnoll.
You feel a bit better.
You kill the gnoll!
The gnoll hits you with a +0 spear! The gnoll hits you with a +0 club!
* * * LOW HITPOINT WARNING * * *
There is a stone staircase leading up here.
You see here a +0 flail.
You tentacle-slap the gnoll but do no damage.
You grab the gnoll.
You pierce the gnoll.
The gnoll is moderately wounded.
You constrict the gnoll. The gnoll misses you.
The gnoll hits you with a +0 club!
You die...

...#.# .....#
##.....##
####...#....
..##......##
#.##g.......
#.##ggS...#
#.##@#
#..####.##.##.#
....)..<.†....#
##.####.†#.####
#..#.# #..#.#
...#.# ###.#.#
# ..#.#


You could see 3 gnolls and a ball python.

Vanquished Creatures
  A gnoll (D:3)
  An adder (D:2)
  A worm (D:2)
  A dart slug (D:1)
  An orc (D:3)
  2 ball pythons
  4 bats
  An endoplasm (D:1)
  3 goblins
  A hobgoblin (D:1)
  3 quokkas
  2 frilled lizards (D:2)
  A kobold (D:2)
  4 rats
26 creatures vanquished.

Notes
Turn   | Place    | Note
-------+----------+-------------------------------------------
     0 | D:1      | Hasart the Octopode Transmuter began the quest for the Orb.
     0 | D:1      | Reached XP level 1. HP: 13/13 MP: 3/3
   450 | D:1      | Reached XP level 2. HP: 12/18 MP: 5/5
   547 | D:1      | Learned a level 2 spell: Wereblood
  1186 | D:2      | Found Qataod's Weapon Shop.
  1262 | D:2      | Found an ornate altar of the Wu Jian Council.
  1487 | D:2      | Reached XP level 3. HP: 14/23 MP: 6/6
  1748 | D:2      | Found a faded altar of an unknown god.
  2629 | D:3      | Mangled by a gnoll

Illustrated notes

Levels and vault maps discovered:
D:1:      roderic_crossed_star, layout_loops_cross, serial_co_window_serial,
          co_window_corner_a, co_window_corner_a, co_window_paths_b,
          co_window_paths_a, co_window_cross_1, co_window_cross_1,
          co_window_corner_ca, co_window_of_opportunity_c, co_window_broadway_b,
          co_window_sun, st_stairs_7
D:2:      layout_loops_cross, shapermc_ecumenical_altar_flowoftime, basic_altar,
          serial_shops, shop
D:3:      layout_loops_ring, skrybe_limestone_x

Action                   || total
-------------------------++-------
Melee: Unarmed           ||    61
       Constrict         ||    14
       Tentacles         ||    18
       Punch             ||     2
       Kick              ||     5
 Cast: Beastly Appendage ||     4
       Wereblood         ||     1
 Stab: Sleeping          ||     4
       Distracted        ||     1
Armor: Skin              ||     1
Dodge: Dodged            ||    34

Table legend: (Time is in decaauts)
 A = Elapsed time spent in this place.
 B = Non-inter-level travel time spent in this place.
 C = Inter-level travel time spent in this place.
 D = Time resting spent in this place.
 E = Time spent auto-exploring this place.
 F = Levels seen in this place.
 G = Mean time per level.
                   A        B        C        D        E       F      G
               +--------+--------+--------+--------+--------+-----+--------+
         Total |   2626 |   2518 |    108 |    292 |   1990 |   3 |  875.3 |
       Dungeon |   2626 |   2518 |    108 |    292 |   1990 |   3 |  875.3 |
               +--------+--------+--------+--------+--------+-----+--------+

Top non-repeatable levels by time:
     D:2: 1373 daAuts
     D:1: 1161 daAuts
     D:3: 91 daAuts
